Map: King's Cove LE

Players

Lambo - Winner!

  • Race: Zerg Zerg
  • Spawn Location: 5:00

InZaNe

  • Race: Terran Terran
  • Spawn Location: 11:00

Event: 2019 WCS Spring

VOD

Have the link to the VOD?

Description

Time

  • Played on: May 17, 2019, 10:37 a.m.
  • Length: 9:10

All games in this series

Show
View Real Time Build Order
Export as new Build Order

Lambo Zerg - Winner!

Build Orders: Hatch First 

Get SALT Encoding   

  12  0:00  Drone  
  13  0:13  Overlord  
  13  0:17  Drone  
  14  0:31  Drone x2  
  16  0:49  Hatchery  
  15  0:52  Drone  
  15  0:56  Drone  
  17  0:59  Drone  
  18  1:10  Extractor  
  17  1:14  Spawning Pool  
  17  1:18  Drone  
  17  1:21  Drone  
  18  1:28  Drone  
  19  1:39  Drone  
  20  1:51  Overlord  
  20  2:01  Queen x2  
  20  2:03  Zergling x4  
  26  2:10  Metabolic Boost  
  26  2:11  Drone  
  26  2:14  Drone  
  28  2:22  Drone x2  
  30  2:33  Overlord  
  30  2:35  Drone  
  31  2:45  Drone  
  31  2:50  Pneumatized Carapace  
  32  2:54  Hatchery  
  31  2:59  Drone  
  31  3:00  Drone  
  31  3:02  Drone  
  34  3:06  Drone  
  34  3:11  Drone x3  
  38  3:16  Queen  
  41  3:20  Drone  
  41  3:21  Drone  
  41  3:25  Overlord  
  42  3:27  Drone  
  42  3:30  Drone  
  44  3:43  Queen  
  44  3:44  Drone x2  
  44  3:45  Overlord  
  48  3:49  Overlord  
  48  3:51  Zergling x4  
  48  3:55  Queen  
  52  4:02  Overlord  
  52  4:05  Zergling x2  
  52  4:06  Queen  
  55  4:10  Drone x2  
  55  4:17  Overlord, Drone x3  
  57  4:20  Overlord  
  57  4:22  Drone  
  61  4:25  Overlord x2  
  61  4:30  Lair  
  61  4:35  Zergling x2, Drone  
  61  4:36  Zergling x2  
  61  4:37  Drone x2  
  66  4:40  Drone  
  67  4:47  Drone x3  
  67  4:48  Drone  
  67  4:50  Queen  
  67  4:51  Drone  
  74  4:55  Drone x2  
  74  4:56  Baneling Nest  
  74  4:57  Drone x2  
  77  5:00  Drone x2  
  77  5:02  Drone  
  77  5:03  Drone  
  77  5:05  Spore Crawler  
  80  5:08  Spore Crawler, Extractor  
  80  5:10  Spore Crawler, Extractor  
  80  5:11  Drone  
  80  5:13  Drone x2  
  79  5:16  Overlord  
  79  5:20  Drone x4  
  83  5:24  Drone x2  
  85  5:35  Drone x2  
  91  5:37  Extractor  
  91  5:38  Drone x3  
  91  5:39  Extractor  
  91  5:41  Drone  
  91  5:42  Drone  
  94  5:45  Extractor, Baneling x3  
  94  5:46  Overlord  
  94  5:49  Zergling x6  
  96  5:56  Overlord  
  92  5:58  Overlord  
  92  5:59  Drone x4  
  92  6:00  Overseer  
  92  6:01  Drone  
  97  6:05  Drone x2  
  97  6:07  Queen  
  97  6:10  Centrifical Hooks  
  101  6:11  Evolution Chamber  
  101  6:12  Evolution Chamber, Hatchery, Overlord  
  101  6:14  Overlord  
  101  6:16  Overlord  
  96  6:19  Drone x3  
  96  6:24  Drone  
  96  6:25  Drone x2  
  102  6:31  Zergling x10  
  102  6:32  Hydralisk Den  
  106  6:33  Zergling x2  
  106  6:34  Zergling x4  
  106  6:37  Infestation Pit  
  106  6:39  Overlord  
  108  6:43  Drone x2  
  108  6:44  Zerg Melee Weapons Level 1, Zerg Missile Weapons Level 1  
  110  6:47  Drone x3  
  110  6:51  Drone  
  114  6:55  Drone x3  
  114  6:56  Drone  
  114  7:00  Hydralisk x2, Baneling x2  
  122  7:02  Grooved Spines  
  122  7:10  Hatchery  
  122  7:14  Hive  
  122  7:15  Hydralisk  
  121  7:16  Overlord  
  121  7:21  Overlord  
  123  7:24  Overlord  
  123  7:26  Hydralisk x2, Overlord  
  127  7:31  Hydralisk x2, Extractor  
  127  7:33  Extractor  
  129  7:37  Hydralisk x3  
  129  7:38  Overseer  
  129  7:41  Drone x3  
  129  7:42  Drone x3  
  141  7:48  Hydralisk x4  
  141  7:50  Baneling x4  
  149  7:54  Hydralisk x2, Zergling x2  
  149  7:56  Baneling x2  
  154  7:59  Drone x2  
  154  8:02  Hydralisk x3  
  154  8:04  Baneling x2  
  154  8:05  Zergling x6  
  165  8:07  Overlord  
  165  8:09  Zergling x6  
  167  8:13  Zergling x8  
  167  8:15  Overlord  
  167  8:19  Zergling x10  
  176  8:27  Hydralisk x5  
  169  8:32  Hydralisk x3  
  165  8:39  Viper x2  
  170  8:47  Zergling x20  
  183  8:51  Baneling x2  
  183  8:52  Baneling x2  
Show
View Real Time Build Order
Export as new Build Order

InZaNe Terran 

Build Orders: Hellion Opening, Reaper Expand, Mech 

Get SALT Encoding   

  12  0:00  SCV  
  13  0:12  SCV  
  14  0:18  Supply Depot  
  14  0:24  SCV  
  15  0:39  SCV  
  15  0:41  Barracks  
  16  0:45  Refinery  
  16  0:51  SCV  
  17  1:03  SCV  
  18  1:16  SCV  
  19  1:28  Reaper, Orbital Command  
  20  1:44  Command Center  
  20  1:54  SCV  
  20  2:00  Marine  
  22  2:01  Supply Depot  
  22  2:06  SCV  
  23  2:11  Factory  
  23  2:22  Refinery  
  23  2:23  SCV  
  23  2:24  Barracks Reactor  
  24  2:35  SCV  
  25  2:47  SCV  
  26  2:56  Starport, Orbital Command  
  26  2:59  SCV  
  26  3:04  Hellion  
  31  3:06  Hellion  
  31  3:11  SCV, Marine  
  33  3:23  SCV x2  
  33  3:26  Hellion  
  37  3:27  Hellion  
  37  3:33  Supply Depot  
  39  3:35  SCV, Barracks Tech Lab  
  39  3:39  SCV  
  39  3:41  Viking  
  43  3:47  SCV  
  46  3:48  Hellion  
  46  3:54  SCV  
  46  3:55  Hellion  
  49  3:56  Supply Depot  
  49  3:59  SCV  
  50  4:06  SCV  
  51  4:11  SCV  
  52  4:18  SCV  
  54  4:26  Hellion  
  54  4:27  Command Center  
  54  4:28  Supply Depot  
  54  4:30  Hellion  
  57  4:32  Raven  
  57  4:33  SCV x2  
  61  4:39  Supply Depot  
  61  4:49  SCV, Refinery x2  
  61  4:50  SCV  
  63  4:57  Armory  
  63  4:59  Armory  
  63  5:01  SCV  
  63  5:02  SCV  
  63  5:04  Hellion x2  
  69  5:10  Barracks Tech Lab  
  69  5:13  SCV  
  71  5:14  SCV  
  71  5:16  Supply Depot  
  71  5:24  Factory  
  71  5:25  SCV, Factory  
  71  5:26  SCV  
  73  5:35  Liberator  
  73  5:37  Hellion x2  
  73  5:39  Barracks Reactor, Supply Depot  
  73  5:41  Orbital Command  
  77  5:46  SCV x2  
  79  5:54  Terran Vehicle Weapons Level 1  
  79  5:55  Terran Vehicle And Ship Armor Level 1  
  82  5:58  SCV x2  
  82  6:01  Hellion  
  82  6:04  Hellion  
  86  6:10  SCV  
  86  6:11  Orbital Command  
  87  6:12  SCV  
  88  6:22  SCV  
  88  6:24  SCV  
  90  6:32  Hellion x2  
  94  6:34  SCV  
  94  6:36  SCV, Refinery x2  
  96  6:43  SCV  
  96  6:45  Supply Depot x2  
  96  6:46  SCV, Thor  
  104  6:52  Supply Depot  
  104  6:58  Thor  
  109  7:07  SCV x3, Hellion x2, Medivac x2  
  120  7:15  Infernal Pre-Igniter, Supply Depot  
  120  7:17  Supply Depot  
  120  7:19  SCV x3  
  120  7:21  Barracks Reactor  
  120  7:23  Factory  
  120  7:24  Factory  
  120  7:31  SCV x3  
  120  7:35  Supply Depot  
  120  7:36  Supply Depot  
  123  7:43  SCV  
  124  7:44  Siege Tank x2  
  124  7:45  Hellion x2  
  124  7:51  SCV x2, Starport x2  
  136  7:55  Starport Tech Lab  
  136  8:05  Command Center  
  128  8:29  Siege Tank x2  
  128  8:30  Hellion  
  128  8:31  Hellion  
  105  8:37  Factory Tech Lab  
  105  8:38  Starport Tech Lab  
  100  8:44  Starport Tech Lab  
Tags
 
Add a new tag
Caveats
  • Supply blocks, unpowered buildings, or Contaminate may cause inaccurate times.
  • Supply counts are checked every 10 seconds.